 Dungeon Sprint DCSS version 0.27-a0-808-g60bc5d92e6 (webtiles) character file.

Game seed: 403393454970759228

238 mhtbhm the Cudgeller (level 5, -3/59 HPs)
             Began as a Troll Berserker on Mar 28, 2021.
             Was a Priest of Trog.
             Slain by a killer bee (6 damage)
             ... in the Dungeon (Sprint IV: "Fedhas' Mad Dash").
             The game lasted 00:01:21 (457 turns).

mhtbhm the Cudgeller (Troll Berserker)               Turns: 457, Time: 00:01:22

Health: -3/59      AC:  4    Str: 26    XL:     5   Next: 78%
Magic:  4/4        EV: 11    Int:  3    God:    Trog [***...]
Gold:   67         SH:  0    Dex:  9    Spells: 4/4 levels left

rFire    . . .     SeeInvis .   a - +0 mace
rCold    . . .     Faith    .   (no shield)
rNeg     . . .     Spirit   .   b - +0 animal skin
rPois    .         Reflect  .   (helmet restricted)
rElec    .         Harm     .   (no cloak)
rCorr    .         Rampage  .   (gloves unavailable)
Will     ++...     NoTele   +   (boots unavailable)
Stlth    +.........             i - amulet of invisibility {+Inv}
HPRegen  2.19/turn              (no ring)
MPRegen  0.09/turn              (no ring)

@: lethally poisoned (-3 -> -12), berserk cooldown, very slightly contaminated,
regenerating, slowed, very slow
A: large, unfitting armour, claws 3, regeneration 1, shaggy fur 1, tough skin 1
a: Renounce Religion, Evoke Invisibility, Berserk, Trog's Hand


You were in the Dungeon.
You worshipped Trog.
Trog was most pleased with you.
You visited 1 branch You collected 67 gold pieces.

Inventory:

Hand Weapons
 a - a +0 mace (weapon)
Armour
 b - a +0 animal skin (worn)
Jewellery
 i - the amulet of invisibility (around neck) {+Inv}
   (You found it in the Dungeon)

   [amulet of nothing]

   It lets you turn invisible.
Scrolls
 h - a scroll of blinking
 j - a scroll of summoning {unknown}
Potions
 e - a potion of haste
 f - 2 potions of magic
 g - a potion of berserk rage


   Skills:
 + Level 6.2 Fighting
 + Level 7.0 Maces & Flails
 + Level 5.8 Dodging
 + Level 0.1 Stealth
 + Level 1.6 Evocations


You had 4 spell levels left.
You didn't know any spells.
Your spell library was empty.

Dungeon Overview and Level Annotations

Branches:
Dungeon (1/1)

Altars:
Cheibriados
Dithmenos
Elyvilon
Gozag
Hepliaklqana
Kikubaaqudgha
Makhleb
Nemelex Xobeh
Okawaru
Qazlal
Ru
Sif Muna
Trog
Uskayaw
Vehumet
Wu Jian
Xom
Yredelemnul
Zin
The Shining One
Beogh
Jiyva
Lugonu


Innate Abilities, Weirdness & Mutations

You are too large for most types of armour.
You have claws for hands.
Your natural rate of healing is unusually fast.
You are covered in fur. (AC +1)
You have tough skin. (AC +1)


Message History

You feel your anger nearly subside.
You are no longer berserk.
You are exhausted.
You feel yourself slow down.
* * * LOW HITPOINT WARNING * * *
You feel very sick. The killer bee barely misses you.
You see here a book of Minor Magic.
You feel better.
The killer bee stings you but does no damage.
The killer bee stings you.
* * * LOW HITPOINT WARNING * * *
You are poisoned.
The killer bee poisons you! The killer bee stings you.
* * * LOW HITPOINT WARNING * * *
You are lethally poisoned!
The killer bee poisons you! The killer bee completely misses you.
The killer bee stings you.
* * * LOW HITPOINT WARNING * * *
Unknown command.
You feel much better.
You feel extremely sick. The killer bee closely misses you.
The killer bee stings you.
You are more poisoned.
The killer bee poisons you! The killer bee closely misses you.
The killer bee barely misses you.
The killer bee stings you but does no damage. x2
The killer bee stings you.
* * * LOW HITPOINT WARNING * * *
You are more poisoned.
The killer bee poisons you!
The killer bee stings you but does no damage.
The killer bee stings you.
* * * LOW HITPOINT WARNING * * *
Okay, then.
Your skin crawls.
You feel strong-willed.
* * * LOW HITPOINT WARNING * * *
You feel extremely sick. The killer bee barely misses you.
The killer bee stings you.
You die...

###############################
#<..P#..†..#.....#.⌠._._._._.⌠.
#PP..'.(...'.#@y.'.._._._._._..
#PPPP#..†..#.#yy.#..._._._._...
###############'##.._._._._._..
♣........'...#._._._._._.⌠.
.yy...♣....y#†..##############
y..y.♣..♣..###### #+## #+#####


You could see 3 killer bees.

Vanquished Creatures
  A scorpion (D)
  A killer bee (D)
  4 oklob saplings (D)
  A river rat (D)
  A rat (D)
8 creatures vanquished.

Notes
Turn   | Place    | Note
-------+----------+-------------------------------------------
     0 | D        | mhtbhm the Troll Berserker began the quest for the Orb.
     0 | D        | Reached XP level 1. HP: 22/22 MP: 0/0
    12 | D        | Reached skill level 3 in Maces & Flails
    12 | D        | Reached XP level 2. HP: 31/31 MP: 1/1
    51 | D        | Noticed an oklob sapling
    56 | D        | Killed an oklob sapling
    56 | D        | Reached ** piety under Trog
    57 | D        | Reached skill level 4 in Maces & Flails
    57 | D        | Reached XP level 3. HP: 33/39 MP: 2/2
    94 | D        | Noticed a scorpion
    95 | D        | Found the amulet of invisibility {+Inv}
   101 | D        | Killed a scorpion
   102 | D        | Reached skill level 5 in Maces & Flails
   102 | D        | Reached XP level 4. HP: 49/49 MP: 3/3
   147 | D        | Reached skill level 5 in Fighting
   188 | D        | Found an opulent altar of Gozag.
   188 | D        | Found a hazy altar of Hepliaklqana.
   188 | D        | Found a burning altar of Makhleb.
   188 | D        | Found a sparkling altar of Nemelex Xobeh.
   188 | D        | Found a snail-covered altar of Cheibriados.
   188 | D        | Found a sacrificial altar of Ru.
   188 | D        | Found a shimmering blue altar of Sif Muna.
   188 | D        | Found a shimmering altar of Xom.
   188 | D        | Found a basalt altar of Yredelemnul.
   189 | D        | Found a viscous altar of Jiyva.
   189 | D        | Found a bloodstained altar of Trog.
   189 | D        | Found an ornate altar of the Wu Jian Council.
   190 | D        | Found an iron altar of Okawaru.
   190 | D        | Found a shadowy altar of Dithmenos.
   190 | D        | Found a glowing silver altar of Zin.
   191 | D        | Found an ancient bone altar of Kikubaaqudgha.
   191 | D        | Found a hide-covered altar of Uskayaw.
   192 | D        | Found a stormy altar of Qazlal.
   192 | D        | Found a white marble altar of Elyvilon.
   192 | D        | Found a glowing golden altar of the Shining One.
   193 | D        | Found a corrupted altar of Lugonu.
   193 | D        | Found a radiant altar of Vehumet.
   201 | D        | Reached skill level 6 in Maces & Flails
   201 | D        | Reached skill level 5 in Dodging
   201 | D        | Reached skill level 1 in Evocations
   201 | D        | Reached XP level 5. HP: 59/59 MP: 2/4
   266 | D        | Reached *** piety under Trog
   434 | D        | Noticed a queen bee
   449 | D        | Reached skill level 7 in Maces & Flails
   457 | D        | Slain by a killer bee

Illustrated notes

Levels and vault maps discovered:
D:        dungeon_sprint_fedhas [sprint_temple]

Skill      XL: |  1  2  3  4  5 |
---------------+----------------+-----
Fighting       | 3 4 5 6 |  6.2
Maces & Flails | 3 4 5 6 7 |  7.0
Dodging        | 3 4 5 |  5.8
Evocations     | 1 |  1.6
Stealth        | |  0.1

Action                   |  1- 3 |  4- 6 || total
-------------------------+-------+-------++-------
Melee: Mace              |    13 |    24 ||    37
Invok: Berserk           |     3 |     4 ||     7
       Trog's Hand       |       |     1 ||     1
 Abil: Evoke Invisibilit |       |     3 ||     3
  Use: Potion            |       |     2 ||     2
 Stab: Invisible         |       |     2 ||     2
Armor: Animal skin       |       |     6 ||     6
Dodge: Dodged            |     5 |    14 ||    19

Table legend: (Time is in decaauts)
 A = Elapsed time spent in this place.
 B = Non-inter-level travel time spent in this place.
 C = Inter-level travel time spent in this place.
 D = Time resting spent in this place.
 E = Time spent auto-exploring this place.
 F = Levels seen in this place.
 G = Mean time per level.
                   A        B        C        D        E       F      G
               +--------+--------+--------+--------+--------+-----+--------+
         Total |    513 |    513 |      0 |    328 |      0 |   1 |  513.0 |
       Dungeon |    513 |    513 |      0 |    328 |      0 |   1 |  513.0 |
               +--------+--------+--------+--------+--------+-----+--------+

Top non-repeatable levels by time:
       D: 513 daAuts
